 Dungeon Crawl Stone Soup version 0.28-a0-1395-g4f6bc678fa (webtiles) character file.

Game seed: 8804779291095548413

83 sanka the Stinger (level 4, -9/34 HPs)
             Began as a Demigod Transmuter on Jan 4, 2022.
             Mangled by an iguana (12 damage)
             ... on level 3 of the Dungeon.
             The game lasted 00:03:45 (3289 turns).

sanka the Stinger (Demigod Transmuter)              Turns: 3289, Time: 00:03:45

Health: -9/34      AC:  3    Str: 11    XL:     4   Next: 2%
Magic:  9/9        EV: 12    Int: 19    God:
Gold:   166        SH:  0    Dex: 14    Spells: 1/7 levels left

rFire   . . .      SeeInvis .     - Unarmed
rCold   . . .      Faith    .   (no shield)
rNeg    . . .      Spirit   .   a - +0 robe
rPois   .          Reflect  .   (helmet currently unavailable)
rElec   .          Harm     .   (no cloak)
rCorr   .          Rampage  .   i - +0 pair of gloves
Will    .....                   (boots currently unavailable)
Stlth   +.........              e - amulet of the acrobat
HPRegen 0.11/turn               (no ring)
MPRegen 0.11/turn               (no ring)

@: appendages (expiring)
A: horns 2, talons 2, high mp 1, forlorn, divine attributes
a: End Transformation


You were on level 3 of the Dungeon.
You had temporarily grown beastly horns and talons.
You visited 1 branch of the dungeon, and saw 3 of its levels.

You collected 166 gold pieces.


Innate Abilities, Weirdness & Mutations

You have temporarily grown beastly horns and talons.
You have an increased reservoir of magic. (+10% MP)
You shall have no god before yourself.
Your divine heritage dramatically boosts your attributes as you level up.


   Skills:
 - Level 0.8 Fighting
 - Level 1.7 Dodging
 - Level 2.6 Unarmed Combat
 - Level 2.0 Spellcasting
 + Level 2.7 Transmutations
 + Level 2.7 Poison Magic


You had one spell level left.
You knew the following spells:

 Your Spells              Type           Power      Damage    Failure   Level
x - Spider Form           Tmut/Pois      12%        N/A       17%         3
y - Wereblood             Tmut           12%        N/A       9%          2
z - Beastly Appendage     Tmut           24%        N/A       5%          1

Your spell library contained the following spells:

 Spells                   Type           Power      Damage    Failure   Level
 Ice Form                 Ice/Tmut       7%         N/A       67%         4

Inventory:

Armour
 a - a +0 robe (worn)
 i - a +0 pair of gloves (worn)
Jewellery
 e - an amulet of the acrobat (around neck)
Wands
 h - a wand of mindburst (5)
Scrolls
 b - 2 scrolls of fear {unknown}
 c - 3 scrolls of identify {unknown}
 g - a scroll of teleportation {unknown}
Potions
 d - a potion of brilliance {unknown}
 f - a potion of cancellation {unknown}

Dungeon Overview and Level Annotations

Branches:
Dungeon (3/15)

.▒ .▒ (▒▒▒▒▒▒
......▒ ......▒
▒▒..)...▒
▒.......▒
▒l▒▒▒▒▒▒▒ ▒p▒
▒▒▒▒▒..▒
▒.▒▒▒▒▒▒......▒.▒
▒......▒..)...▒.▒
▒..▒▒▒.▒........
▒..▒ ▒.........).
▒..▒▒▒.......▒▒..
▒................
▒.....(>.........
▒▒..▒▒.....▒..▒.▒


You could see an iguana.


Message History

You hit the iguana but do no damage. Your kick misses the iguana.
The iguana bites you!
* * * LOW HITPOINT WARNING * * *
You hit the iguana. You claw the iguana. Your headbutt misses the iguana.
The iguana is heavily wounded.
The iguana misses you.
You hit the iguana. Your headbutt misses the iguana.
The iguana is heavily wounded.
The iguana bites you.
* * * LOW HITPOINT WARNING * * *
You hit the iguana. You headbutt the iguana.
The iguana is severely wounded.
Your transformation is almost over.
The iguana hisses menacingly.
The iguana barely misses you.
You hit the iguana. You claw the iguana, but do no damage.
The iguana is almost dead.
The iguana bites you!
* * * LOW HITPOINT WARNING * * *
You barely miss the iguana. You claw the iguana, but do no damage.
The iguana is almost dead.
The iguana bites you!
You die...

Action                   |  1- 3 |  4- 6 || total
-------------------------+-------+-------++-------
Melee: Unarmed           |    81 |    10 ||    91
       Kick              |    13 |     4 ||    17
       Headbutt          |     8 |     1 ||     9
 Cast: Beastly Appendage |    23 |     1 ||    24
       Spider Form       |     2 |       ||     2
 Stab: Sleeping          |     1 |       ||     1
Armor: Robe              |    15 |       ||    15
Dodge: Dodged            |    43 |     5 ||    48

Levels and vault maps discovered:
D:1:      dpeg_arrival_more_subterranean_lakeside_camping, layout_basic
D:2:      layout_rooms, skrybe_limestone_x, grunt_decor_resistance,
          minmay_misc_feat_more_columns
D:3:      layout_basic

Notes
Turn   | Place    | Note
-------+----------+-------------------------------------------
     0 | D:1      | sanka the Demigod Transmuter began the quest for the Orb.
     0 | D:1      | Reached XP level 1. HP: 15/15 MP: 5/5
   224 | D:1      | Reached skill level 2 in Transmutations
   608 | D:1      | Reached skill level 2 in Spellcasting
   670 | D:1      | Reached skill level 1 in Poison Magic
   720 | D:1      | Reached XP level 2. HP: 14/22 MP: 5/7
  1539 | D:1      | Learned a level 2 spell: Wereblood
  1779 | D:2      | Reached skill level 2 in Poison Magic
  2375 | D:3      | Reached XP level 3. HP: 27/27 MP: 6/8
  2379 | D:3      | Learned a level 3 spell: Spider Form
  2486 | D:3      | Noticed an ice beast
  3159 | D:3      | Reached XP level 4. HP: 34/34 MP: 7/9
  3288 | D:3      | HP: 3/34 [iguana (11)]
  3289 | D:3      | Mangled by an iguana

Vanquished Creatures
  An orc priest (D:3)
  An adder (D:2)
  A worm (D:3)
  A dart slug (D:3)
  2 orcs (D:3)
  3 bats
  2 endoplasms
  A giant cockroach (D:2)
  4 goblins
  2 hobgoblins (D:1)
  2 jackals (D:2)
  4 quokkas
  3 ball pythons (D:1)
  2 frilled lizards (D:1)
  3 kobolds
  4 rats
36 creatures vanquished.
